 Dungeon Crawl Stone Soup version 0.31.0-4-g52a2dc7128 (webtiles) character file.

Game seed: 5957440459107909210

74798 Sweeb the Fencer (level 15, -4/106 HPs)
             Began as a Tengu Monk on Jan 23, 2024.
             Was the Champion of Wu Jian.
             Slain by a fire elemental (11 damage)
             ... summoned by a deep elf pyromancer
             ... on level 13 of the Dungeon.
             The game lasted 00:45:16 (20526 turns).

Sweeb the Fencer (Tengu Monk)                      Turns: 20526, Time: 00:45:16

Health: -4/106     AC:  7    Str: 10 (11) XL:     15   Next: 48%
Magic:  16/16      EV: 33    Int: 12 (13) God:    Wu Jian [******]
Gold:   1349       SH:  4    Dex: 30      Spells: 14/14 levels left

rFire   . . .        u - +3 scimitar (flame)
rCold   . . .        d - orb {light}
rNeg    . . .        b - +1 troll leather armour
rPois   .            c - +2 hat
rElec   +            (no cloak)
rCorr   +            (no gloves)
SInv    .            (boots unavailable)
Will    ++...        t - amulet of magic regeneration
Stlth   +            Q - ring of Byeschef {rElec Will+ rCorr Int+2}
HPRegen 1.17/turn    F - +6 ring of dexterity
MPRegen 0.55/turn

%: acrobat
@: in a heavenly storm, flying, glowing
A: beak, talons 3, evasive flight, acrobatic, large bone plates 1, deterioration
1, sense surroundings 1, robust 1, subdued magic 2
a: Renounce Religion, Wall Jump, Serpent's Lash, Heavenly Storm


You were on level 13 of the Dungeon.
You worshipped Wu Jian.
Wu Jian was exalted by your worship.
You visited 3 branches of the dungeon, and saw 19 of its levels.
You also visited: Sewer.

You collected 1349 gold pieces.

Inventory:

Hand Weapons
 a - a +3 falchion of protection
 o - a +0 long sword
 u - a +3 scimitar of flaming (weapon)
 A - a +2 scimitar of venom
Missiles
 D - a throwing net (quivered)
Armour
 b - a +1 troll leather armour (worn)
 c - a +2 hat (worn)
 d - an orb of light (worn)
 z - +1 acid dragon scales
 K - an orb of mayhem
 R - a +2 robe of fire resistance
Magical Staves
 x - the staff "Voko Hey" {rPois Int+4 Alchemy}
   (You found it on level 1 of the Lair of Beasts)

   [staff of alchemy]

   Base accuracy: +5 Base damage: 5 Base attack delay: 1.2 This weapon's minimum
   attack delay (0.6) is reached at skill level 12.
   Int+4:     It affects your intelligence (+4).
   rPois:     It protects you from poison Alchemy: It increases the power of
   your Alchemy spells.
   It falls into the 'Staves' category.
   It is a one-handed weapon.
Jewellery
 e - a ring of fire
 f - a ring of poison resistance
 h - a ring of magical power
 k - a ring of willpower
 t - an amulet of magic regeneration (around neck)
 v - a ring of wizardry
 E - a ring of protection from cold
 F - a +6 ring of dexterity (right hand)
 Q - the ring of Byeschef (left hand) {rElec Will+ rCorr Int+2}
   (You found it on level 5 of the Lair of Beasts)

   [ring of willpower]

   Int+2:     It affects your intelligence (+2).
   rElec:     It insulates you from electricity.
   Will+:     It increases your willpower.
   rCorr:     It protects you from acid and corrosion.
 S - a ring of positive energy
Wands
 w - a wand of mindburst (5)
 B - a wand of paralysis (20)
 C - a wand of digging (8)
 T - a wand of quicksilver (4)
Scrolls
 g - 2 scrolls of fear
 m - 2 scrolls of poison
 q - a scroll of fog
 y - 3 scrolls of vulnerability
 H - 2 scrolls of summoning
 J - 4 scrolls of blinking
 L - 3 scrolls of amnesia
 M - 4 scrolls of noise
 N - 2 scrolls of revelation
 O - 7 scrolls of identify
 P - a scroll of teleportation
Potions
 i - 5 potions of magic
 j - 4 potions of lignification
 l - 7 potions of curing
 n - 2 potions of attraction
 p - 6 potions of cancellation
 r - a potion of enlightenment
 s - a potion of brilliance
 G - a potion of invisibility
 I - a potion of ambrosia


   Skills:
 + Level 12.7 Fighting
 * Level 18.7 Long Blades
 + Level 13.3 Armour
 + Level 13.8 Dodging


You had 14 spell levels left.
You didn't know any spells.
Your spell library contained the following spells:

 Spells                   Type           Power      Damage    Failure   Level
 Apportation              Tloc           0%         N/A       30%         1
 Necrotise                Necr           0%         1d4       30%         1
 Sting                    Conj/Alch      0%         1d3       30%         1
 Summon Small Mammal      Summ           0%         N/A       30%         1
 Mercury Vapours          Alch/Air       0%         N/A       43%         2
 Inner Flame              Hex/Fire       0%         N/A       69%         3
 Mephitic Cloud           Conj/Alch/Air  0%         N/A       69%         3
 Summon Ice Beast         Ice/Summ       0%         N/A       69%         3
 Tukima's Dance           Hex            0%         N/A       69%         3
 Volatile Blastmotes      Fire/Tloc      0%         2d10      69%         3
 Flame Wave               Conj/Fire      0%         2d4       98%         4
 Fulminant Prism          Conj/Alch      0%         3d5       98%         4
 Iskenderun's Mystic Bla  Conj/Tloc      0%         2d3       98%         4
 Passage of Golubria      Tloc           0%         N/A       98%         4
 Sticky Flame             Fire/Alch      0%         2d4       98%         4
 Vhi's Electric Charge    Tloc/Air       0%         N/A       98%         4
 Arcjolt                  Conj/Air       0%         1d10      100%        5
 Freezing Cloud           Conj/Ice/Air   0%         6-21      100%        5
 Summon Mana Viper        Hex/Summ       0%         N/A       100%        5
 Yara's Violent Unravell  Hex/Alch       0%         3d3       100%        5
 Plasma Beam              Fire/Air       0%         2x1d10    100%        6
 Monstrous Menagerie      Summ           0%         N/A       100%        7
 Chain Lightning          Conj/Air       0%         N/A       100%        9
 Fire Storm               Conj/Fire      0%         5d1       100%        9
 Shatter                  Erth           0%         3d5*      100%        9


Dungeon Overview and Level Annotations

Branches:
Dungeon (13/15)            Temple (1/1) D:6            Lair (5/5) D:9
  Swamp (0/4) Lair:3       Spider (0/4) Lair:2        Slime (0/5) Lair:5
    Orc (0/2) D:11          Sewer (visited)
 Vaults: D:13-14

Altars:
Ashenzari
Cheibriados
Dithmenos
Elyvilon
Fedhas
Gozag
Hepliaklqana
Kikubaaqudgha
Makhleb
Nemelex Xobeh
Okawaru
Qazlal
Ru
Sif Muna
Trog
Uskayaw
Vehumet
Wu Jian
Xom
Yredelemnul
Zin
The Shining One
Jiyva

Annotations:
D:4 Dowan, Duvessa
D:5 1 runed translucent door, Crazy Yiuf
D:8 Gastronok
D:9 2 runed translucent doors, shadowrider38's ghost, novice MiFi


Innate Abilities, Weirdness & Mutations

You have a beak for a mouth.
You have claws for feet.
Your magical flight helps you evade attacks. (EV +4)
You can magically evade attacks while moving or waiting.
You are partially covered in large bone plates. (SH +4)
Your body sometimes deteriorates upon taking damage.
You passively map a small area around you.
You are robust. (+10% HP)
Your spells are easier to cast, but less powerful.


Message History

You spin and attack the ogre mage repeatedly.
You slice the ogre mage!! You burn the ogre mage!
The ogre mage is almost dead.
You completely miss the ogre mage. You claw the ogre mage.
Your peck misses the ogre mage.
The ogre mage is almost dead.
The ogre completely misses you.
The deep elf pyromancer hits you with a +0 long sword.
The cyclops completely misses you. The ogre mage hits you with a +0 spear!
* * * LOW HITPOINT WARNING * * *
The ogre moves out of view.
Unknown command.
You slice the ogre mage!! You burn the ogre mage.
You kill the ogre mage!
The Council accepts your kill.
The deep elf pyromancer mumbles some strange words.
Unknown command.
You slash the ogre! You burn the ogre. You peck the ogre.
The ogre is severely wounded.
You feel less exhausted. The ogre misses you.
The cyclops completely misses you.
The deep elf pyromancer completely misses you.
Unknown command.
You slice the cyclops!! You burn the cyclops!
You claw the cyclops, but do no damage.
The cyclops is almost dead.
Unknown command.
You slice the cyclops!! You burn the cyclops.
You kill the cyclops!
The Council accepts your kill.
The ogre hits you with a +0 giant spiked club!
* * * LOW HITPOINT WARNING * * *
The deep elf pyromancer hits you with a +0 long sword.
* * * LOW HITPOINT WARNING * * *
You feel your dexterity returning.
You slash the ogre! You burn the ogre.
You kill the ogre!
The Council accepts your kill. The fire elemental hits you.
The fire elemental burns you!
You die...

, #........# , <,
#........## * *
#...>......# , ,
, *
#######..#######
, ,, #..#☼○○.$# ,
, * *#.○##☼#☼.#,
e*,#☼☼#§#°#.#
..##.#○e#§##☼.#,,
, #....ZE@○○§#.#
, ###.#OE#°#####,
* ....°o.☼°.,,,,
, .....O........
, *
*####.#..#.#####
** * ......... ,
, .##.#..#.##
.#..#.# ,


You could see a deep elf pyromancer, 2 fire elementals, an ogre, an orc priest
and a centaur warrior skeleton.

Vanquished Creatures
  Kirke (D:12)
  A dire elephant (Lair:2)
  Azrael (D:12)
  Snorg (D:12)
  An ogre mage (D:13)
  4 hydras
  4 boulder beetles
  6 two-headed ogres
  A tengu warrior (D:11)
  Urug (Lair:1)
  2 hell hogs (Lair:5)
  4 death yaks (Lair:4)
  A skeletal warrior (D:13)
  A bog body (Lair:3)
  A deep elf archer (D:13)
  A lindwurm (Lair:5)
  An orc knight (D:13)
  A cyclops (D:13)
  An ugly thing (D:12)
  A manticore (D:11)
  3 deep elf pyromancers
  32 elephants
  10 black mambas
  3 molten gargoyles (Lair:5)
  15 cane toads
  Jeremiah (Lair:1)
  3 centaur skeletons (D:13)
  3 rime drakes
  11 komodo dragons
  4 trolls
  2 hornets
  5 polar bears
  33 blink frogs
  5 slime creatures
  3 jumping spiders (Lair:2)
  2 spriggans
  5 shadows
  3 wraiths
  A vampire (D:11)
  7 wyverns
  29 yaks
  4 fire elementals (D:12)
  3 hogs (D:12)
  A redback (Lair:2)
  6 basilisks
  3 steam dragons
  6 vampire mosquitoes
  3 acid dragons
  13 water moccasins
  7 hell hounds
  4 orc warriors
  4 ice beasts
  A black bear (Lair:2)
  A sky beast (D:7)
  7 wolves
  6 ogres
  2 crocodiles (D:7)
  4 centaurs
  A phantom (D:5)
  4 kobold brigands
  2 brain worms (Sewer)
  21 bullfrogs
  2 gnoll sergeants
  A scorpion (D:5)
  7 wights
  10 killer bees
  7 electric eels (D:11)
  7 howler monkeys
  6 lava snakes
  2 jellies (D:7)
  6 orc priests
  4 hounds
  3 iguanas
  13 orc wizards
  8 gnolls
  5 river rats (Sewer)
  9 adders
  3 white imps
  3 dart slugs
  3 ribbon worms
  52 orcs
  5 ball pythons
  5 bats
  8 endoplasms
  3 giant cockroaches
  13 goblins
  9 hobgoblins
  3 jackals (Sewer)
  3 quokkas
  7 frilled lizards
  17 kobolds
  12 rats
554 creatures vanquished.

Vanquished Creatures (collateral kills)
  Pikel (D:9)
  A shadow (D:9)
  2 wights (D:9)
  A killer bee (D:9)
  A howler monkey (D:9)
  An orc wizard (D:9)
7 creatures vanquished.

Vanquished Creatures (others)
  A wyvern (Lair:5)
  A basilisk (Lair:5)
  An orc (D:12)
3 creatures vanquished.

Grand Total: 564 creatures vanquished

Notes
Turn   | Place    | Note
-------+----------+-------------------------------------------
     0 | D:1      | Sweeb the Tengu Monk began the quest for the Orb.
     0 | D:1      | Reached XP level 1. HP: 14/14 MP: 2/2
    89 | D:1      | Reached XP level 2. HP: 17/19 MP: 3/3
   394 | D:1      | Found a faded altar of an unknown god.
   394 | D:1      | Noticed a tormentor
   514 | D:1      | Reached skill level 1 in Armour
   514 | D:1      | Reached XP level 3. HP: 23/23 MP: 4/4
   874 | D:2      | Reached skill level 4 in Long Blades
  1117 | D:2      | Reached XP level 4. HP: 24/28 MP: 5/5
  1578 | D:3      | Reached XP level 5. HP: 16/32 MP: 6/6
  1891 | D:3      | Found a glowing golden altar of the Shining One.
  1891 | D:3      | Found an opulent altar of Gozag.
  1892 | D:3      | Found a sacrificial altar of Ru.
  2193 | D:4      | Found a glowing drain.
  2268 | Sewer    | Entered a sewer
  2293 | Sewer    | Reached skill level 5 in Long Blades
  2502 | Sewer    | Reached XP level 6. HP: 33/38 MP: 7/7
  2887 | Sewer    | Gained mutation: Your magical flight helps you evade
                  | attacks. (EV +4) [Tengu growth]
  2887 | Sewer    | Reached XP level 7. HP: 23/44 MP: 4/8
  3181 | D:4      | Noticed Duvessa
  3183 | D:4      | Noticed Dowan
  3675 | D:4      | Reached skill level 6 in Long Blades
  3742 | D:5      | Entered Level 5 of the Dungeon
  3826 | D:5      | Reached skill level 5 in Dodging
  4428 | D:5      | Reached XP level 8. HP: 48/48 MP: 9/9
  4432 | D:5      | Reached skill level 5 in Fighting
  4432 | D:5      | Reached skill level 7 in Long Blades
  4557 | D:5      | Found a runed translucent door.
  4558 | D:5      | Noticed Crazy Yiuf
  5015 | D:6      | Found a stormy altar of Qazlal.
  5197 | D:6      | Found a staircase to the Ecumenical Temple.
  5208 | D:6      | Reached skill level 8 in Long Blades
  5367 | Temple   | Entered the Ecumenical Temple
  5525 | Temple   | Became a worshipper of the Wu Jian Council
  5525 | Temple   | Reached * piety under Wu Jian
  5525 | Temple   | Reached ** piety under Wu Jian
  5916 | D:7      | Noticed a wyvern
  5924 | D:7      | Killed a wyvern
  5925 | D:7      | Reached skill level 5 in Armour
  5929 | D:7      | Reached XP level 9. HP: 48/55 MP: 10/10
  5973 | D:7      | Noticed a two-headed ogre
  6108 | D:7      | Found a flagged portal.
  6223 | D:7      | Reached skill level 9 in Long Blades
  6612 | D:7      | Noticed Pikel
  6779 | D:7      | Reached skill level 10 in Long Blades
  7281 | D:8      | Noticed Gastronok
  7356 | D:8      | Reached XP level 10. HP: 61/61 MP: 11/11
  7423 | D:8      | Reached *** piety under Wu Jian
  7737 | D:9      | Noticed shadowrider38's ghost (novice MiFi)
  7737 | D:9      | Found a large runed translucent door.
  7737 | D:9      | Found a large runed translucent door.
  8015 | D:9      | Reached skill level 11 in Long Blades
  8020 | D:9      | Found a staircase to the Lair.
  8045 | D:9      | Killed Pikel
  8291 | D:9      | Noticed a two-headed ogre
  8303 | D:9      | Killed a two-headed ogre
  8304 | D:9      | Reached skill level 12 in Long Blades
  8304 | D:9      | Reached XP level 11. HP: 68/68 MP: 12/12
  8732 | D:9      | Found a shimmering blue altar of Sif Muna.
  9044 | D:10     | Entered Level 10 of the Dungeon
  9120 | D:10     | Reached **** piety under Wu Jian
  9941 | D:10     | Found a blossoming altar of Fedhas.
  9991 | D:10     | Noticed a boulder beetle
 10003 | D:11     | Noticed a two-headed ogre
 10105 | Lair:1   | Entered Level 1 of the Lair of Beasts
 10179 | Lair:1   | Reached skill level 13 in Long Blades
 10468 | Lair:1   | Identified the staff "Voko Hey" {rPois Int+4 Alchemy}
 10495 | Lair:1   | Noticed Jeremiah
 10530 | Lair:2   | Found a hole to the Spider Nest.
 10711 | Lair:2   | Reached skill level 10 in Dodging
 10711 | Lair:2   | Reached XP level 12. HP: 54/76 MP: 13/13
 10715 | Lair:2   | Reached ***** piety under Wu Jian
 10866 | Lair:2   | Reached skill level 14 in Long Blades
 10878 | Lair:2   | Noticed a dire elephant
 10905 | Lair:2   | Killed a dire elephant
 10994 | Lair:2   | Reached skill level 10 in Armour
 11315 | Lair:2   | Reached skill level 10 in Fighting
 11698 | Lair:2   | Reached skill level 15 in Long Blades
 11709 | Lair:2   | Reached XP level 13. HP: 82/82 MP: 14/14
 12153 | Lair:1   | Noticed Urug
 12228 | Lair:1   | Killed Urug
 12498 | Lair:1   | Killed Jeremiah
 13506 | D:12     | Reached skill level 16 in Long Blades
 13745 | D:12     | Noticed Azrael
 13751 | D:12     | Gained mutation: You possess an exceptional clarity of
                  | mind. [potion of mutation]
 13751 | D:12     | Gained mutation: Your mind is acute. (Int +4, Str/Dex -1)
                  | [potion of mutation]
 13751 | D:12     | Gained mutation: You are somewhat resistant to further
                  | mutation. [potion of mutation]
 13787 | D:12     | Killed Azrael
 14605 | Lair:3   | Reached XP level 14. HP: 57/90 MP: 15/15
 14677 | Lair:3   | Reached ****** piety under Wu Jian
 15031 | Lair:3   | Found a staircase to the Swamp.
 15376 | Lair:3   | Reached skill level 17 in Long Blades
 16707 | Lair:4   | Lost mutation: You possess an exceptional clarity of mind.
                  | [potion of mutation]
 16707 | Lair:4   | Lost mutation: You are somewhat resistant to further
                  | mutation. [potion of mutation]
 16707 | Lair:4   | Gained mutation: Armour fits poorly on your strangely
                  | shaped body. [potion of mutation]
 16707 | Lair:4   | Gained mutation: Your spells are a little easier to cast,
                  | but a little less powerful. [potion of mutation]
 16707 | Lair:4   | Gained mutation: You are robust. (+10% HP) [potion of
                  | mutation]
 16707 | Lair:4   | Gained mutation: You are agile. (Dex +4, Str/Int -1)
                  | [potion of mutation]
 16708 | Lair:4   | Lost mutation: You are agile. (Dex +4, Str/Int -1) [potion
                  | of mutation]
 16708 | Lair:4   | Lost mutation: Your mind is acute. (Int +4, Str/Dex -1)
                  | [potion of mutation]
 16708 | Lair:4   | Lost mutation: Armour fits poorly on your strangely shaped
                  | body. [potion of mutation]
 16708 | Lair:4   | Gained mutation: Your body sometimes deteriorates upon
                  | taking damage. [potion of mutation]
 16708 | Lair:4   | Gained mutation: Your spells are easier to cast, but less
                  | powerful. [potion of mutation]
 16708 | Lair:4   | Gained mutation: You are partially covered in large bone
                  | plates. (SH +4) [potion of mutation]
 16708 | Lair:4   | Gained mutation: You passively map a small area around you.
                  | [potion of mutation]
 16736 | Lair:5   | Entered Level 5 of the Lair of Beasts
 17444 | Lair:5   | Found a large runed translucent door.
 17447 | Lair:5   | Found a large runed translucent door.
 17827 | Lair:5   | Found a viscous altar of Jiyva.
 17828 | Lair:5   | Found a staircase to the Slime Pits.
 17863 | Lair:5   | Reached skill level 18 in Long Blades
 18364 | Lair:5   | Reached XP level 15. HP: 105/105 MP: 16/16
 18723 | Lair:5   | Identified the ring of Byeschef {rElec Will+ rCorr Int+2}
 19204 | D:11     | Found a staircase to the Orcish Mines.
 19702 | D:12     | Noticed Kirke
 19716 | D:12     | Killed Kirke
 20131 | D:12     | Noticed Snorg
 20151 | D:12     | Killed Snorg
 20526 | D:13     | Slain by a fire elemental

Illustrated notes

Levels and vault maps discovered:
D:1:      arrival_zaba_pyramid, layout_loops_ring,
          dreamdust_ecumenical_altar_sealed_demon
D:2:      layout_rooms, kennysheep_cross_bottleneck
D:3:      layout_loops_ring, gammafunk_temple_overflow_claw
D:4:      layout_cave_pods, mainiacjoe_sewer_entry_somewhere_in_here_2,
          minmay_fountain_box, uniq_duvessa
D:5:      layout_basic, minmay_ogre_servants, uniq_crazy_yiuf_cottage
D:6:      layout_basic, mainiacjoe_overflow_surrounded_room,
          minmay_temple_entry_fiery, serial_corexii_hall,
          chequers_hall_statues_corner_a, chequers_hall_statues_corner_a
D:7:      regret_index_malice_mire, layout_rooms, enter_bailey_2, uniq_pikel
D:8:      layout_basic, uniq_gastronok
D:9:      layout_stronghold, mainiacjoe_overflow_brackets,
          hellmonk_lair_entry_icy, ebering_ghost_disaster_area,
          corexii_corridor_pit, minmay_starry_boxes
D:10:     layout_irregular_city, fedhas_altar_2, minmay_splitting_lines
D:11:     layout_big_octagon, hiddenorc2_lemuel, serial_park,
          serial_park_square3 [serial_park_minivault_5x5_4], serial_park_square3
          [serial_park_minivault_5x5_1], minmay_holes
D:12:     layout_cave_pods, portal_ice_cave_entry_pillars_2, uniq_kirke,
          uniq_azrael, uniq_snorg
D:13:     minmay_separated_statues, layout_cave_pods,
          hangedman_vaults_entry_quadrant_bands
Temple:   kb_temple_of_zot
Lair:1:   cheibrodos_lair_river_kwai, layout_cave_shapes, beast_lair_carwin_3,
          uniq_jeremiah, uniq_urug
Lair:2:   mu_elephants_graveyard, layout_regular_city, spider_nest_entry_a,
          grunt_forest_small_clearings, beast_lair_carwin_1
Lair:3:   wad_woods_04, layout_regular_city, skrybe_swamp_entry_bodies
Lair:4:   layout_roguey, grunt_forest_large_clearing_hut, grunt_megastairs_4
Lair:5:   cheibrodos_lair_end_hotspot, layout_gridlike, slime_entry_1

Skill      XL: |  1  2  3  4  5  6  7  8  9 10 11 12 13 14 15 |
---------------+----------------------------------------------+-----
Armour         | 1 2 3 5 6 8 9 10 11 12 13 | 13.3
Long Blades    | 4 5 6 8 10 12 13 15 16 18 | 18.7
Dodging        | 4 5 6 7 8 10 11 12 13 | 13.8
Fighting       | 4 5 6 8 9 10 11 12 | 12.7

Action                     |  1- 3 |  4- 6 |  7- 9 | 10-12 | 13-15 || total
---------------------------+-------+-------+-------+-------+-------++-------
  Melee: Falchion          |    69 |   158 |   263 |   332 |    14 ||   836
         Kick              |    14 |    44 |   110 |   291 |   429 ||   888
         Peck              |     9 |    25 |    63 |   188 |   257 ||   542
         Scimitar          |       |       |       |   239 |   869 ||  1108
 Invoke: Serpent's Lash    |       |       |       |       |     1 ||     1
         Heavenly Storm    |       |       |       |       |     1 ||     1
Ability: Lunge             |       |       |     8 |    38 |    50 ||    96
         Whirlwind         |       |       |    11 |     9 |    27 ||    47
         Wall Jump         |       |       |       |       |     1 ||     1
    Use: Scroll            |     2 |     5 |    14 |    14 |     7 ||    42
         Potion            |       |     2 |     5 |     2 |    11 ||    20
   Stab: Distracted        |       |       |       |     1 |     2 ||     3
         Sleeping          |       |       |       |       |     1 ||     1
 Armour: Robe              |    35 |    59 |    78 |    27 |       ||   199
         Acid dragon scale |       |       |       |   116 |   222 ||   338
         Troll leather arm |       |       |       |       |    72 ||    72
  Dodge: Dodged            |    59 |   109 |   214 |   485 |   816 ||  1683
